[Event "Titled Tuesday Blitz March 08 Early 2022"]
[White "Mekhitarian, Krikor Sevag"]
[Black "Kim, Sergey"]
[WhiteFideId "2107660"]
[BlackFideId "13700570"]
[WhiteElo "2598"]
[BlackElo "2559"]
[Result "1-0"]
[Round "02"]
[TimeControl "180+1"]
[Date "2022.03.09"]
[WhiteClock "0:00:06"]
[BlackClock "0:00:35"]

1. e4 e5 2. Nf3 Nc6 3. Bc4 Bc5 4. c3 Nf6 5. d4 exd4 6. cxd4 Bb4+ 7. Nbd2 d5 8. exd5 Nxd5 9. O-O O-O 10. Ne4 Bg4 11. h3 Bh5 12. Ng3 Bg6 13. a3 Be7 14. Ne5 Nxe5 15. dxe5 c6 16. Qe2 Re8 17. Bd2 Bh4 18. Rad1 Qb6 19. Qg4 Bxg3 20. Qxg3 Qxb2 21. Rfe1 Rad8 22. Kh2 Qc2 23. Bb3 Qf5 24. f4 h5 25. Rc1 Qd3 26. Qxd3 Bxd3 27. g4 h4 28. f5 Ba6 29. Bg5 Rd7 30. Rcd1 Nb6 31. e6 fxe6 32. Rxe6 Rf8 33. Rxd7 Nxd7 34. Re7+ Kh7 35. Rxd7 1-0


[Site "https://www.chess.com"]

[Event "Titled Tuesday Blitz March 08 Early 2022"]
[White "Mikhalsky, Vladimir"]
[Black "Hambleton, Aman"]
[WhiteFideId "14144352"]
[BlackFideId "2606577"]
[WhiteElo "2301"]
[BlackElo "2552"]
[Result "0-1"]
[Round "02"]
[TimeControl "180+1"]
[Date "2022.03.09"]
[WhiteClock "0:00:03"]
[BlackClock "0:00:06"]

1. c4 c5 2. Nf3 b6 3. g3 Bb7 4. Bg2 Nf6 5. O-O e6 6. d4 cxd4 7. Nxd4 Bxg2 8. Kxg2 Qc7 9. b3 Qb7+ 10. f3 Be7 11. Bb2 a6 12. Nc3 d6 13. e4 O-O 14. Qd2 Nbd7 15. Rad1 Rac8 16. Nde2 b5 17. cxb5 axb5 18. Nd4 b4 19. Na4 d5 20. exd5 Nxd5 21. Rc1 h6 22. Qd3 Bg5 23. Rxc8 Ne3+ 24. Kh3 Rxc8 25. Re1 Ne5 26. Rxe3 Nxd3 27. Rxd3 Bf6 28. f4 Qh1 29. Rd2 h5 30. Nb6 Qf1+ 31. Rg2 Rd8 32. Nc2 Rd2 33. Ne3 Qxg2+ 34. Nxg2 Rxb2 35. Nc4 Rxa2 36. Nge3 Ra3 37. Nc2 Rxb3 38. Na5 Rb2 39. Ne3 Ra2 40. Nec4 Ra4 41. g4 b3 42. g5 b2 43. gxf6 b1=Q 44. fxg7 Rxc4 45. Nxc4 Qd3+ 46. Kh4 Qxc4 47. Kxh5 Qe4 48. h3 Qf5+ 49. Kh4 Qh7+ 50. Kg4 Qxg7+ 51. Kf3 f5 52. h4 Qc3+ 53. Kf2 Kg7 0-1


[Site "https://www.chess.com"]

[Event "Titled Tuesday Blitz March 08 Early 2022"]
[White "Mirzoev, Azer"]
[Black "Li, Hui"]
[WhiteFideId "13400304"]
[BlackFideId "15400310"]
[WhiteElo "2525"]
[BlackElo "1954"]
[Result "1-0"]
[Round "02"]
[TimeControl "180+1"]
[Date "2022.03.09"]
[WhiteClock "0:01:38"]
[BlackClock "0:00:04"]

1. c4 e6 2. Nc3 d5 3. e3 Nf6 4. Nf3 Be7 5. d4 O-O 6. b3 c5 7. Bb2 b6 8. cxd5 exd5 9. Bd3 Bb7 10. O-O Nbd7 11. Qe2 Re8 12. Ba6 Qc8 13. Bxb7 Qxb7 14. Rfd1 Rad8 15. dxc5 Nxc5 16. Nb5 Nce4 17. h3 a6 18. Nbd4 Bf8 19. Rac1 Rc8 20. Rc2 b5 21. Rdc1 Nd6 22. Qd1 Rxc2 23. Rxc2 Rc8 24. Rxc8 Qxc8 25. Nc2 Nde4 26. Qd3 Be7 27. Ncd4 Bb4 28. Qc2 Qxc2 29. Nxc2 Bc3 30. Ba3 h6 31. Kf1 Nd2+ 32. Nxd2 Bxd2 33. Ke2 Bc3 34. Kd3 Be5 35. Bb4 Ne4 36. f3 Nf6 37. Bc3 Bxc3 38. Kxc3 Kf8 39. Nb4 a5 40. Nc6 a4 41. bxa4 bxa4 42. Kb4 Ke8 43. Kxa4 Kd7 44. Nd4 Kd6 45. Kb4 Nd7 46. Nf5+ Kc6 47. Nxg7 Ne5 48. Kc3 Nc4 49. Nf5 h5 50. g4 hxg4 51. fxg4 Ne5 52. a4 Kb6 53. Kd4 Nf3+ 54. Kxd5 1-0


[Site "https://www.chess.com"]

[Event "Titled Tuesday Blitz March 08 Early 2022"]
[White "Mitusov, Semen"]
[Black "Kobalia, Mikhail"]
[WhiteFideId "14151049"]
[BlackFideId "4119150"]
[WhiteElo "2265"]
[BlackElo "2667"]
[Result "1-0"]
[Round "02"]
[TimeControl "180+1"]
[Date "2022.03.08"]
[WhiteClock "0:00:07"]
[BlackClock "0:00:01"]

1. e4 c6 2. d4 d5 3. e5 Bf5 4. h4 h5 5. Bg5 Qa5+ 6. Nd2 e6 7. Ne2 c5 8. Ng3 Bg6 9. c3 cxd4 10. cxd4 Nc6 11. Be3 Nb4 12. Rc1 Ne7 13. a3 Nd3+ 14. Bxd3 Bxd3 15. Rc3 Ba6 16. b4 Qb6 17. Nb3 Nf5 18. Nxf5 exf5 19. Nc5 Bxc5 20. Rxc5 Bc4 21. Qa4+ Kf8 22. Rh3 Qd8 23. Bg5 f6 24. exf6 gxf6 25. Bf4 Rh7 26. Re3 b6 27. Rc6 Kg8 28. Rce6 Rd7 29. Bd6 a5 30. Kd2 axb4 31. Re8+ Kg7 32. Qxa8 Qxa8 33. Rxa8 Rxd6 34. axb4 f4 35. Re7+ Kg6 36. Rg8+ Kf5 37. f3 Bb5 38. Rf8 Rc6 39. Rg7 Ba4 40. Rgf7 Rc2+ 41. Kd3 Rc6 42. Rg7 Bb5+ 43. Kd2 Ba4 44. Rh8 Rc2+ 45. Kd3 Ra2 46. Rxh5+ Ke6 47. Rh6 Bb5+ 48. Kc3 Ra3+ 49. Kb2 Rd3 50. Rgg6 Rxd4 51. Rxf6+ Ke7 52. Rxb6 Ba4 53. Rb7+ 1-0


[Site "https://www.chess.com"]

[Event "Titled Tuesday Blitz March 08 Early 2022"]
[White "Mohammed, Dilshad"]
[Black "Necula, Iulian"]
[WhiteFideId "5050421"]
[BlackFideId "1232380"]
[WhiteElo "2109"]
[BlackElo "1776"]
[Result "1-0"]
[Round "02"]
[TimeControl "180+1"]
[Date "2022.03.09"]
[WhiteClock "0:01:21"]
[BlackClock "0:00:16"]

1. Nf3 d6 2. c4 f5 3. Nc3 Nf6 4. g3 g6 5. Bg2 Bg7 6. O-O O-O 7. d4 c6 8. d5 Na6 9. dxc6 bxc6 10. Nd4 Bd7 11. Nxc6 Bxc6 12. Bxc6 Rb8 13. Bg2 Nc5 14. Qc2 Rc8 15. Be3 Qc7 16. Rad1 h6 17. b3 a5 18. Nd5 Nxd5 19. Bxd5+ Kh7 20. Bxc5 Qxc5 21. Be6 Rb8 22. Rd5 Qb6 23. h4 h5 24. e3 Be5 25. c5 Qc7 26. c6 Rb6 27. Bd7 a4 28. f4 axb3 29. axb3 Bf6 30. e4 e6 31. Rdd1 fxe4 32. Qxe4 Rxb3 33. Bxe6 Qb6+ 34. Kg2 Rb2+ 35. Kh3 Bg7 36. f5 g5 37. f6+ Kh8 38. fxg7+ Kxg7 39. Rxf8 Kxf8 40. Qf5+ Ke7 41. Qf7+ Kd8 42. Qd7# 1-0


[Site "https://www.chess.com"]

[Event "Titled Tuesday Blitz March 08 Early 2022"]
[White "Msellek, Ilyass"]
[Black "Durarbayli, Vasif"]
[WhiteFideId "675938"]
[BlackFideId "13402935"]
[WhiteElo "2219"]
[BlackElo "2528"]
[Result "0-1"]
[Round "02"]
[TimeControl "180+1"]
[Date "2022.03.08"]
[WhiteClock "0:00:07"]
[BlackClock "0:00:45"]

1. e4 c5 2. Nf3 e6 3. d4 cxd4 4. Nxd4 Nf6 5. Nc3 d6 6. Be2 Be7 7. O-O O-O 8. Be3 Nc6 9. f4 e5 10. Nxc6 bxc6 11. Qe1 exf4 12. Bxf4 Qb6+ 13. Kh1 Qxb2 14. e5 dxe5 15. Bxe5 Qxc2 16. Rc1 Qg6 17. Rf3 Ng4 18. Bd3 f5 19. Bc4+ Be6 20. Bd4 Bxc4 21. Qxe7 Qh6 0-1


[Site "https://www.chess.com"]

[Event "Titled Tuesday Blitz March 08 Early 2022"]
[White "Muradov, Soltan"]
[Black "Balaji, Aaravamudhan"]
[WhiteFideId "14002108"]
[BlackFideId "436224"]
[WhiteElo "1854"]
[BlackElo "2085"]
[Result "1-0"]
[Round "02"]
[TimeControl "180+1"]
[Date "2022.03.09"]
[WhiteClock "0:00:06"]
[BlackClock "0:00:40"]

1. d4 g6 2. Nf3 Bg7 3. Bf4 d6 4. e3 Nd7 5. Be2 Ngf6 6. h3 O-O 7. Nc3 Nb6 8. O-O Nbd5 9. Nxd5 Nxd5 10. Bg3 Nb6 11. c3 a5 12. Qc2 a4 13. Rad1 a3 14. b3 Bf5 15. e4 Bd7 16. Rfe1 Qe8 17. e5 dxe5 18. Nxe5 Bf5 19. Qc1 Nd7 20. Nc4 Qd8 21. Bf3 c6 22. Ne3 e6 23. Bd6 Re8 24. g4 Qg5 25. Kf1 Bd3+ 26. Rxd3 e5 27. dxe5 Bxe5 28. Nc4 Qf6 29. Rde3 Ra5 30. Bxe5 Raxe5 31. Nxe5 Nxe5 32. Bg2 Re7 33. Qxa3 Re6 34. c4 Qf4 35. Qb4 Rf6 36. R1e2 Nd7 37. Qc3 Rd6 38. Re8+ Nf8 39. Rxf8+ Kxf8 40. Qh8# 1-0


[Site "https://www.chess.com"]

[Event "Titled Tuesday Blitz March 08 Early 2022"]
[White "Musovic, Armin"]
[Black "Gabrielian, Artur"]
[WhiteFideId "939935"]
[BlackFideId "4131002"]
[WhiteElo "2283"]
[BlackElo "2440"]
[Result "0-1"]
[Round "02"]
[TimeControl "180+1"]
[Date "2022.03.09"]
[WhiteClock "0:00:14"]
[BlackClock "0:00:12"]

1. a3 Nf6 2. Nc3 c5 3. e4 d6 4. Bc4 e6 5. d3 Be7 6. Ba2 Nc6 7. Nge2 a6 8. O-O b5 9. h3 Bb7 10. Bg5 h6 11. Bh4 O-O 12. f4 Nxe4 13. Bxe7 Nxc3 14. Bxd8 Nxd1 15. Bc7 Ne3 16. Bxd6 Rfd8 17. Bxc5 Nxf1 18. Rxf1 Rac8 19. f5 exf5 20. Rxf5 Rd7 21. Nf4 Nd8 22. b4 Kh7 23. c4 Ne6 24. cxb5 Nxf4 25. Rxf4 axb5 26. Rxf7 Rxf7 27. Bxf7 Rd8 28. d4 Bd5 29. Bh5 Ra8 30. Be2 Bc6 31. d5 Bxd5 32. Bxb5 Rxa3 33. Bf1 Rb3 34. b5 Kg6 35. b6 Kf5 36. Be2 g5 37. Bf2 Rb1+ 38. Kh2 Rb2 39. Bg4+ Kg6 40. Bd4 Rxg2+ 41. Kh1 Rxg4+ 0-1


[Site "https://www.chess.com"]

[Event "Titled Tuesday Blitz March 08 Early 2022"]
[White "Nakamura, Hikaru"]
[Black "Mkrtchyan, Mariam"]
[WhiteFideId "2016192"]
[BlackFideId "13310828"]
[WhiteElo "2850"]
[BlackElo "1984"]
[Result "1-0"]
[Round "02"]
[TimeControl "180+1"]
[Date "2022.03.09"]
[WhiteClock "0:02:08"]
[BlackClock "0:00:13"]

1. Nf3 g6 2. e4 Bg7 3. d4 c6 4. Bd3 d5 5. e5 Bg4 6. c3 e6 7. Nbd2 Ne7 8. h3 Bxf3 9. Nxf3 Nd7 10. b4 a5 11. O-O O-O 12. Re1 Qc7 13. Bg5 Rfe8 14. a3 b6 15. Qd2 c5 16. b5 a4 17. Nh2 Rac8 18. Ng4 Nf5 19. Qf4 h5 20. Bxf5 exf5 21. Ne3 cxd4 22. cxd4 Qb7 23. Qf3 Nf8 24. Nxd5 Kh8 25. Bf6 Ne6 26. Rad1 Rc4 27. Bxg7+ Nxg7 28. Nf6 Qxf3 29. gxf3 Rd8 30. d5 Rc3 31. e6 fxe6 32. dxe6 Rxd1 33. Rxd1 Nxe6 34. Rd7 Nf8 35. Rf7 Rc8 36. f4 Rd8 37. Kg2 h4 38. Kf1 Rc8 39. Ke2 Rd8 40. Ke3 Rc8 41. Kd4 Rd8+ 42. Ke5 Rc8 43. Kd6 1-0


[Site "https://www.chess.com"]

[Event "Titled Tuesday Blitz March 08 Early 2022"]
[White "Nazari, Arad"]
[Black "Bintang, Rasyid A. Hidayat"]
[WhiteFideId "12577324"]
[BlackFideId "7105355"]
[WhiteElo "2120"]
[BlackElo "2379"]
[Result "1-0"]
[Round "02"]
[TimeControl "180+1"]
[Date "2022.03.09"]
[WhiteClock "0:00:53"]
[BlackClock "0:00:25"]

1. e4 d5 2. exd5 Nf6 3. Nc3 Nxd5 4. Bc4 Nb6 5. Bb3 Nc6 6. Nge2 Bf5 7. O-O e6 8. Ng3 Bg6 9. d3 Be7 10. Be3 O-O 11. Nce4 Na5 12. Qd2 Nxb3 13. axb3 Nd5 14. Bc5 Bxe4 15. Bxe7 Qxe7 16. dxe4 Nf6 17. Qg5 h6 18. Qb5 c6 19. Qe2 Rfd8 20. Rfd1 Qc5 21. c3 a6 22. b4 Qb6 23. e5 Nd5 24. Ne4 Qc7 25. Nd6 f6 26. Nc4 f5 27. Nd6 Rd7 28. Ra4 Nf4 29. Qe3 g5 30. g3 Ng6 31. c4 b5 32. cxb5 cxb5 33. Raa1 Ne7 34. Rac1 Qa7 35. Qe2 Kg7 36. Rc5 Nd5 37. Rdxd5 exd5 38. Nxf5+ Kh8 39. e6 Rdd8 40. e7 Re8 41. Qe5+ 1-0


[Site "https://www.chess.com"]

[Event "Titled Tuesday Blitz March 08 Early 2022"]
[White "Nguyen Hong Nhung"]
[Black "Coelho, Ramyres Santana"]
[WhiteFideId "12412201"]
[BlackFideId "2120690"]
[WhiteElo "1661"]
[BlackElo "1888"]
[Result "1-0"]
[Round "02"]
[TimeControl "180+1"]
[Date "2022.03.09"]
[WhiteClock "0:01:19"]
[BlackClock "0:01:13"]

1. e4 c5 2. Nc3 Nc6 3. Bb5 Nd4 4. Bc4 e6 5. Nge2 a6 6. Nxd4 cxd4 7. Ne2 b5 8. Bb3 Bc5 9. d3 Nf6 10. O-O O-O 11. Ng3 d5 12. Bg5 h6 13. Bxf6 Qxf6 14. exd5 exd5 15. Bxd5 Ra7 16. Ne4 Qe7 17. Nxc5 Qxc5 18. Bb3 Bb7 19. Qg4 Bc6 20. Rac1 Re7 21. c3 Rfe8 22. h3 dxc3 23. bxc3 Qd6 24. d4 Re4 25. Qh5 a5 26. Bxf7+ Kh8 27. Bxe8 Bxe8 28. Qf5 g6 29. Qxe4 Bc6 30. Qe5+ 1-0


[Site "https://www.chess.com"]

[Event "Titled Tuesday Blitz March 08 Early 2022"]
[White "Odegov, Artem"]
[Black "Delorme, Alban"]
[WhiteFideId "34183644"]
[BlackFideId "623636"]
[WhiteElo "2286"]
[BlackElo "2197"]
[Result "1-0"]
[Round "02"]
[TimeControl "180+1"]
[Date "2022.03.09"]
[WhiteClock "0:00:56"]
[BlackClock "0:00:49"]

1. d4 Nf6 2. c4 g6 3. Nc3 Bg7 4. e4 d6 5. h3 O-O 6. Be3 c5 7. d5 Na6 8. Bd3 Nc7 9. Nge2 a6 10. a4 Rb8 11. a5 e6 12. O-O exd5 13. cxd5 Re8 14. Qd2 Bd7 15. Rae1 Nb5 16. f4 Qxa5 17. Bf2 Nxc3 18. Nxc3 b5 19. Ra1 Qb6 20. e5 b4 21. Na4 Bxa4 22. exf6 Bb5 23. fxg7 Kxg7 24. f5 Re5 25. f6+ Kh8 26. Bxb5 Qxb5 27. Qh6 Rg8 28. Rae1 Rh5 29. Qd2 Qb7 30. Re7 Rxd5 31. Qh6 Rh5 32. Qxh5 Qxe7 33. fxe7 gxh5 34. Bh4 Kg7 35. Rd1 c4 36. Rxd6 c3 37. bxc3 bxc3 38. Bf6+ Kg6 39. Bxc3+ Kf5 40. Rd8 1-0


[Site "https://www.chess.com"]

[Event "Titled Tuesday Blitz March 08 Early 2022"]
[White "Oganian, Miran"]
[Black "Vusatiuk, Vladimir"]
[WhiteFideId "4122488"]
[BlackFideId "14118610"]
[WhiteElo "2357"]
[BlackElo "2157"]
[Result "0-1"]
[Round "02"]
[TimeControl "180+1"]
[Date "2022.03.09"]
[WhiteClock "0:00:04"]
[BlackClock "0:00:06"]

1. e4 c5 2. Nf3 d6 3. Bb5+ Nd7 4. d4 cxd4 5. Qxd4 a6 6. Bxd7+ Bxd7 7. c4 Bc6 8. Nc3 Nf6 9. Bg5 h6 10. Bxf6 gxf6 11. O-O Rg8 12. Nd5 Bg7 13. Qe3 e6 14. Nf4 Qa5 15. Rfd1 Rd8 16. a3 Qc5 17. Qe2 a5 18. b3 f5 19. Nd3 Qb6 20. exf5 Bxa1 21. Rxa1 e5 22. f6 Kf8 23. b4 e4 24. b5 Rxg2+ 25. Kf1 exf3 26. Qe7+ Kg8 27. bxc6 bxc6 28. Qe4 Rg6 29. Qxf3 d5 30. c5 Qb3 31. Re1 Qc3 32. Re3 Qxf6 33. Qe2 Qa1+ 34. Ne1 d4 35. Rd3 Kf8 36. Qf3 Re8 37. Rd1 Qb2 38. Nd3 Qxa3 39. h4 Qc3 40. h5 Rge6 41. Kg2 Qc4 42. Nf4 Rf6 43. Qg3 Re5 44. Kh2 Rg5 45. Qf3 Qd5 46. Qxd5 cxd5 47. Nd3 Rxh5+ 48. Kg3 Rg5+ 49. Kh2 Rc6 50. Rb1 Rg4 51. f4 Rgg6 52. Ne5 Rxc5 53. Rb8+ Kg7 54. Rb7 Rf6 55. Kg3 Rc2 56. Ng4 Rg6 57. Kf3 Rc3+ 58. Ke2 Rxg4 59. Kd2 Rg2+ 60. Kd1 Rh3 0-1


[Site "https://www.chess.com"]

[Event "Titled Tuesday Blitz March 08 Early 2022"]
[White "Omelja, Artem"]
[Black "Murzin, Volodar"]
[WhiteFideId "14119846"]
[BlackFideId "44155573"]
[WhiteElo "2382"]
[BlackElo "2585"]
[Result "0-1"]
[Round "02"]
[TimeControl "180+1"]
[Date "2022.03.09"]
[WhiteClock "0:00:02"]
[BlackClock "0:01:17"]

1. d4 d5 2. c4 c6 3. Nc3 Nf6 4. Nf3 e6 5. e3 Nbd7 6. Qc2 b6 7. Bd3 Bb7 8. O-O dxc4 9. Bxc4 c5 10. Ne5 cxd4 11. exd4 Bd6 12. Bg5 O-O 13. Nxd7 Qxd7 14. Bxf6 gxf6 15. d5 Bxh2+ 16. Kxh2 Qc7+ 17. Kg1 Qxc4 18. dxe6 fxe6 19. Rad1 Rad8 20. Rfe1 Qg4 21. f3 Bxf3 22. Rxd8 Rxd8 23. Qf2 Bc6 24. Re3 Kf7 25. Rg3 Qd4 26. Re3 Rg8 27. Rg3 Qxf2+ 28. Kxf2 Rxg3 29. Kxg3 f5 30. Kf2 Kf6 31. g3 e5 32. Ke3 Kg5 33. Kf2 h5 34. Nd1 h4 35. gxh4+ Kxh4 36. Ne3 Kg5 37. Nc4 Kf6 38. Nd6 b5 39. Nc8 a6 40. b3 f4 41. Nd6 e4 42. Nc8 Ke5 43. Nb6 Kd4 44. Ke2 f3+ 45. Ke1 e3 46. Nc8 Kd3 47. Nd6 f2+ 48. Kf1 Kd2 49. Ne4+ Bxe4 0-1


[Site "https://www.chess.com"]

[Event "Titled Tuesday Blitz March 08 Early 2022"]
[White "Oparin, Grigoriy"]
[Black "Spata, German"]
[WhiteFideId "24125890"]
[BlackFideId "113026"]
[WhiteElo "2665"]
[BlackElo "2238"]
[Result "1/2-1/2"]
[Round "02"]
[TimeControl "180+1"]
[Date "2022.03.08"]
[WhiteClock "0:01:48"]
[BlackClock "0:00:12"]

1. e4 e6 2. d3 c5 3. f4 Nc6 4. g3 g6 5. Bg2 Bg7 6. Nf3 d6 7. O-O Nge7 8. c3 O-O 9. d4 cxd4 10. cxd4 d5 11. e5 Bd7 12. Nc3 Rc8 13. Be3 Nf5 14. Bf2 h5 15. h3 Na5 16. g4 hxg4 17. hxg4 Nh6 18. Ng5 Nc4 19. Qe2 Qb6 20. Rab1 Qa6 21. Bf3 Nb6 22. Qd1 Na4 23. Nxa4 Qxa4 24. Qxa4 Bxa4 25. b3 Bb5 26. Rfc1 Bd3 27. Ra1 Rfd8 28. Be3 Bf8 29. Rxc8 Rxc8 30. Rc1 Rxc1+ 31. Bxc1 Bb1 32. a3 Bc2 33. b4 Be7 34. Be2 Kf8 35. Nh3 Ng8 36. Kg2 Bd8 37. Kg3 Ne7 38. Bb2 Bb6 39. Kf2 Nc6 40. Ke3 a6 41. Ng1 g5 42. fxg5 Nxe5 43. Nh3 Ng6 44. Nf4 Nxf4 45. Kxf4 Ke7 46. Kg3 Bc7+ 47. Kf3 Be4+ 48. Ke3 Bd8 49. Bf3 Bxf3 50. Kxf3 Kd6 51. Kf4 Bc7 52. a4 Ke7+ 53. Kf3 b5 54. axb5 axb5 55. Bc1 Bd6 56. Bd2 Kf8 57. Kg2 Kg7 58. Kh3 Kg6 59. Kh4 Be7 60. Kg3 Bxg5 61. Be1 Be3 62. Bc3 f5 63. gxf5+ Kxf5 64. Kf3 Bg5 65. Be1 Bf6 66. Bc3 Bg7 67. Bb2 Bf8 68. Bc3 Be7 69. Bd2 Bd6 70. Be1 e5 71. dxe5 Bxe5 72. Ke3 Ke6 73. Kd3 Bd6 74. Kd4 Be7 75. Bd2 Kd6 76. Bf4+ Kc6 77. Bd2 Bf6+ 78. Kd3 Be5 79. Be1 Kd6 80. Bd2 Ke6 81. Be1 Kd6 82. Bd2 Kc6 83. Be3 Bf6 84. Bd2 Bg7 85. Be1 Be5 86. Bf2 Bd6 87. Be1 Be7 88. Kd4 Bf6+ 89. Kd3 Kd6 90. Bg3+ Ke6 91. Bf2 Be5 92. Be1 1/2-1/2


[Site "https://www.chess.com"]

[Event "Titled Tuesday Blitz March 08 Early 2022"]
[White "Osmonbekov, Talaibek"]
[Black "Bethke, Richard"]
[WhiteFideId "2017253"]
[BlackFideId "12959243"]
[WhiteElo "2135"]
[BlackElo "2520"]
[Result "1/2-1/2"]
[Round "02"]
[TimeControl "180+1"]
[Date "2022.03.09"]
[WhiteClock "0:00:05"]
[BlackClock "0:00:07"]

1. Nc3 d5 2. d4 Nf6 3. Bf4 a6 4. e3 e6 5. Nf3 c5 6. dxc5 Bxc5 7. Bd3 Nc6 8. O-O Bd6 9. Bg5 O-O 10. e4 d4 11. Ne2 e5 12. a3 Bg4 13. Ng3 h6 14. Bd2 Ne7 15. h3 Be6 16. Nh4 Rc8 17. f4 exf4 18. Bxf4 Bxf4 19. Rxf4 Ng6 20. Nxg6 fxg6 21. Qe2 Qc7 22. e5 Nd5 23. Rxd4 Nf4 24. Qe4 Qb6 25. Kh2 Qxb2 26. Rf1 Nxd3 27. Rxf8+ Rxf8 28. cxd3 Rf2 29. Rd8+ Kh7 30. h4 h5 31. Rd6 Bf5 32. Nxf5 Rxf5 33. d4 Qf2 34. Rb6 a5 35. a4 Kh8 36. Rb3 Rf4 37. Qxb7 Rxh4+ 38. Rh3 Qf4+ 39. Kh1 Rxh3+ 40. gxh3 Qxd4 41. Qc8+ Kh7 42. e6 Qxa4 43. Qd7 Qe4+ 44. Kh2 Qe2+ 45. Kg1 Qe3+ 46. Kh2 h4 47. e7 Qg3+ 48. Kh1 Qf3+ 49. Kg1 Qe3+ 50. Kh1 Qe4+ 51. Kg1 Qe1+ 52. Kg2 Qg3+ 53. Kf1 Qf3+ 54. Kg1 Qe3+ 55. Kh1 Qe1+ 56. Kg2 Qg3+ 57. Kf1 Qf3+ 58. Kg1 1/2-1/2


[Site "https://www.chess.com"]

[Event "Titled Tuesday Blitz March 08 Early 2022"]
[White "Pacuszka, Tomasz"]
[Black "Balint, Vilmos"]
[WhiteFideId "1119036"]
[BlackFideId "718050"]
[WhiteElo "2083"]
[BlackElo "2059"]
[Result "0-1"]
[Round "02"]
[TimeControl "180+1"]
[Date "2022.03.09"]
[WhiteClock "0:00:21"]
[BlackClock "0:00:33"]

1. e4 e5 2. Nf3 Nc6 3. Bb5 Nf6 4. d3 Bc5 5. O-O d6 6. c3 O-O 7. Nbd2 a6 8. Ba4 Ba7 9. h3 Ne7 10. Re1 Ng6 11. Nf1 Nh5 12. Be3 Nhf4 13. Bxa7 Rxa7 14. d4 Qf6 15. Re3 Ra8 16. Kh2 Nh4 17. Ne1 Nfxg2 18. Nxg2 Qxf2 19. Rg3 f5 20. Qh5 f4 21. Qxh4 fxg3+ 22. Nxg3 Qxb2 23. Bb3+ Kh8 24. Rg1 Qxc3 25. Qe7 Bxh3 26. Kxh3 Rae8 27. Qh4 exd4 28. Kh2 d3 29. Bd1 Rf2 30. Qh5 Qe5 31. Bg4 Qxh5+ 32. Bxh5 g6 33. Bg4 c5 34. Kh3 c4 35. Ne3 c3 36. Rc1 c2 37. Nc4 d2 38. Nxd2 Rxd2 39. e5 Rxe5 0-1


[Site "https://www.chess.com"]

[Event "Titled Tuesday Blitz March 08 Early 2022"]
[White "Paszewski, Mateusz"]
[Black "Moroni, Luca Jr"]
[WhiteFideId "1141058"]
[BlackFideId "865834"]
[WhiteElo "2102"]
[BlackElo "2573"]
[Result "0-1"]
[Round "02"]
[TimeControl "180+1"]
[Date "2022.03.08"]
[WhiteClock "0:00:01"]
[BlackClock "0:00:39"]

1. d4 g6 2. e4 Bg7 3. Nf3 d6 4. Be3 Nf6 5. Nc3 d5 6. e5 Ne4 7. Nxe4 dxe4 8. Nd2 c5 9. c3 cxd4 10. cxd4 Qa5 11. Be2 Nc6 12. O-O Bf5 13. g4 Be6 14. Nxe4 O-O 15. Nc5 Bd5 16. Bf3 Bxf3 17. Qxf3 Qc7 18. Rac1 Rac8 19. Rfd1 b6 20. Nd3 Qd7 21. Qe4 Rfd8 22. Nf4 Qxg4+ 23. Kh1 Nxe5 24. h3 Qf3+ 25. Qxf3 Nxf3 26. Rxc8 Rxc8 27. Kg2 Ng5 28. Nd5 Bf6 29. Nxf6+ exf6 30. Bxg5 fxg5 31. d5 Kg7 32. Kf3 Kf6 33. Ke4 Rc4+ 34. Kd3 Rh4 35. Kc3 Ke7 36. Rd3 Kd6 37. Rf3 Rf4 38. Rxf4 gxf4 39. Kd4 f5 40. h4 h6 41. b4 b5 42. a3 g5 43. hxg5 hxg5 44. f3 a6 0-1


[Site "https://www.chess.com"]

[Event "Titled Tuesday Blitz March 08 Early 2022"]
[White "Perez Gormaz, Matias"]
[Black "Vokhidov, Shamsiddin"]
[WhiteFideId "3406342"]
[BlackFideId "14204223"]
[WhiteElo "2327"]
[BlackElo "2611"]
[Result "0-1"]
[Round "02"]
[TimeControl "180+1"]
[Date "2022.03.08"]
[WhiteClock "0:00:02"]
[BlackClock "0:01:08"]

1. e4 c5 2. Nf3 e6 3. g3 Nc6 4. Bg2 Nf6 5. Qe2 d5 6. exd5 Nxd5 7. O-O Be7 8. Rd1 Nd4 9. Nxd4 cxd4 10. c4 Nf6 11. d3 O-O 12. Nd2 Rb8 13. Nf3 b5 14. Bf4 Rb6 15. Rac1 Bb7 16. c5 Ra6 17. b4 Nd5 18. Qd2 Nc3 19. Re1 Rxa2 20. Rc2 Rxc2 21. Qxc2 a5 22. bxa5 Bxc5 23. Bd2 Qxa5 24. Nxd4 Bxd4 25. Bxb7 b4 26. Bf3 Qf5 27. Kg2 Rb8 28. Bxc3 bxc3 29. Re4 Qc5 30. Qa4 c2 31. Re1 Bb2 32. Qf4 Rf8 0-1


[Site "https://www.chess.com"]

[Event "Titled Tuesday Blitz March 08 Early 2022"]
[White "Pert, Nicholas"]
[Black "Caruana, Fabiano"]
[WhiteFideId "403989"]
[BlackFideId "2020009"]
[WhiteElo "2536"]
[BlackElo "2744"]
[Result "0-1"]
[Round "02"]
[TimeControl "180+1"]
[Date "2022.03.08"]
[WhiteClock "0:00:01"]
[BlackClock "0:00:50"]

1. d4 d5 2. Nf3 Nf6 3. c4 dxc4 4. e3 e6 5. Bxc4 c5 6. O-O Nc6 7. Nc3 a6 8. dxc5 Bxc5 9. Qxd8+ Kxd8 10. Rd1+ Ke7 11. b3 b5 12. Be2 Bb7 13. Bb2 Rhd8 14. Rac1 Rxd1+ 15. Rxd1 Rd8 16. Rxd8 Kxd8 17. Kf1 h6 18. Ke1 Be7 19. Nd2 Nd7 20. a4 b4 21. Nce4 f5 22. Ng3 g6 23. Bc4 Nc5 24. Bd4 Kd7 25. f3 Na5 26. Bxc5 Bxc5 27. Ke2 Ke7 28. Kd3 h5 29. h4 Nc6 30. f4 Na5 31. Ne2 Nxc4 32. Kxc4 Bxe3 33. Nf1 Bf2 34. g3 Bf3 35. Nd4 Bd5+ 36. Kd3 Bxd4 37. Kxd4 Bxb3 38. a5 Kd6 39. Nd2 Bd5 40. Nb1 Kc6 41. Nd2 Kb5 42. Ke5 Kxa5 43. Kf6 Kb5 44. Kxg6 a5 45. Kxh5 a4 46. Kg6 a3 47. h5 a2 0-1


[Site "https://www.chess.com"]

[Event "Titled Tuesday Blitz March 08 Early 2022"]
[White "Pert, Richard G"]
[Black "Zemerov, Vladimir"]
[WhiteFideId "404748"]
[BlackFideId "4111583"]
[WhiteElo "2441"]
[BlackElo "2277"]
[Result "1-0"]
[Round "02"]
[TimeControl "180+1"]
[Date "2022.03.09"]
[WhiteClock "0:01:48"]
[BlackClock "0:00:19"]

1. d4 d5 2. Bg5 h6 3. Bh4 c6 4. e3 Qb6 5. Nf3 Qxb2 6. Nbd2 Qb6 7. Bd3 Nf6 8. O-O Bg4 9. c4 e6 10. Rb1 Qc7 11. h3 Bxf3 12. Nxf3 Nbd7 13. c5 b6 14. Bg3 Qc8 15. Qa4 b5 16. Rxb5 cxb5 17. Bxb5 Kd8 18. c6 Nb6 19. c7+ Qxc7 20. Bxc7+ Kxc7 21. Rc1+ Kd8 22. Qa6 Bd6 23. Qb7 Rc8 24. Rxc8+ Nxc8 25. Ne5 Rf8 26. Nc6+ Ke8 27. Qxc8# 1-0


[Site "https://www.chess.com"]

[Event "Titled Tuesday Blitz March 08 Early 2022"]
[White "Petrova, Irina"]
[Black "Kim, Yoon-Young"]
[WhiteFideId "14124122"]
[BlackFideId "30908779"]
[WhiteElo "1993"]
[BlackElo "2109"]
[Result "0-1"]
[Round "02"]
[TimeControl "180+1"]
[Date "2022.03.09"]
[WhiteClock "0:00:30"]
[BlackClock "0:00:29"]

1. e4 e5 2. Nf3 Nc6 3. Bb5 a6 4. Ba4 Nf6 5. O-O b5 6. Bb3 Bc5 7. d3 d6 8. Nc3 h6 9. Nd5 O-O 10. Be3 Be6 11. a4 b4 12. Bxc5 dxc5 13. Nxf6+ Qxf6 14. Bxe6 Qxe6 15. Nd2 Nd4 16. f4 exf4 17. Rxf4 f5 18. c3 Nc6 19. Qf1 fxe4 20. Nxe4 Qd5 21. Rxf8+ Rxf8 22. Qe2 Ne5 23. Nf2 Rd8 24. Re1 Nxd3 25. Nxd3 Qxd3 26. Qe6+ Kh8 27. cxb4 cxb4 28. Qe7 Qd4+ 29. Kh1 Qd6 30. Qe2 a5 31. h3 Qd2 32. Qe7 Qd6 33. Qe2 c5 34. Qb5 Qd2 35. Re7 Qd1+ 36. Kh2 Qd6+ 0-1


[Site "https://www.chess.com"]